 Dungeon Crawl Stone Soup version 0.17.1-1-g73c8601 (webtiles) character file.

4928 Mysteryquy the Bludgeoner (level 10, -1/56 HPs)
             Began as a Gargoyle Fighter on Jan 4, 2016.
             Was a Believer of Ru.
             Hit by a javelin thrown by Urug (10 damage)
             ... on level 10 of the Dungeon.
             The game lasted 00:23:52 (9160 turns).

Mysteryquy the Bludgeoner (Gargoyle Fighter)        Turns: 9160, Time: 00:23:52

Health: -1/56      AC: 18    Str: 23    XL:     10   Next: 52%
Magic:  10/10      EV:  7    Int: 11    God:    Ru [**....]
Gold:   502        SH:  9    Dex:  9    Spells: 0 memorised, 9 levels left

rFire  + . .     SeeInvis .     k - +1 whip (elec)
rCold  x . .     Clarity  .     b - +0 scale mail
rNeg   + + .     SustAt   .     c - +0 shield
rPois  ∞         Gourm    .     w - +0 helmet
rElec  +         Spirit   .     n - +0 cloak
rCorr  .         Warding  .     s - +1 pair of gloves
rMut   .         Stasis   .     (no boots)
MR     .....                    (no amulet)
Stlth  ..........               K - ring of positive energy
                                l - ring of fire

@: not resistant to hostile enchantments, extremely unstealthy
A: clever 1, mutation resistance 1, negative energy resistance 1, electricity
resistance, unbreathing, petrification resistance, rot immunity, no stealth,
inexperienced 1, AC +7
a: Renounce Religion


You were on level 10 of the Dungeon.
You worshipped Ru.
Ru was pleased with you.
You were hungry.

You visited 2 branches of the dungeon, and saw 11 of its levels.

You collected 502 gold pieces.

Inventory:

Hand Weapons
 a - a +0 flail
 k - a +1 whip of electrocution (weapon)
Missiles
 H - 12 tomahawks of dispersal (quivered)
 M - 6 tomahawks
Armour
 b - a +0 scale mail (worn)
 c - a +0 shield (worn)
 i - a +0 pair of gloves
 n - a +0 cloak (worn)
 s - a +1 pair of gloves (worn)
 w - a +0 helmet (worn)
Rods
 O - a -2 rod of ignition (13/13)
   (You found it on level 8 of the Dungeon)
Jewellery
 l - a ring of fire (left hand)
 y - an uncursed ring of stealth
 K - a ring of positive energy (right hand)
 N - an uncursed amulet of warding {unknown}
 P - an uncursed ring of see invisible {unknown}
Wands
 t - a wand of paralysis (8)
 I - a wand of slowing (17)
 R - a wand of digging (10)
 S - a wand of lightning (4)
 V - a wand of paralysis (10)
Scrolls
 f - a scroll of fog {unknown}
 g - 3 scrolls of teleportation {unknown}
 h - 2 scrolls of magic mapping {unknown}
 j - 9 scrolls of remove curse {unknown}
 m - 3 scrolls of noise {unknown}
 o - 2 scrolls of blinking {unknown}
 p - 3 scrolls of enchant weapon {unknown}
 q - 8 scrolls of identify {unknown}
 r - 4 scrolls of enchant armour {unknown}
 J - a scroll of immolation {unknown}
 Q - a scroll of acquirement {unknown}
Potions
 d - 4 potions of degeneration {unknown}
 u - 2 potions of poison {unknown}
 x - 2 potions of lignification {unknown}
 z - a potion of berserk rage {unknown}
 A - a potion of brilliance {unknown}
 C - 6 potions of curing {unknown}
 D - 3 potions of haste {unknown}
 E - a potion of resistance {unknown}
 F - a potion of cure mutation {unknown}
 G - a potion of magic {unknown}
 U - a potion of might
Comestibles
 e - 7 bread rations
 v - 4 meat rations
 B - 18 fruits
 L - 3 beef jerkies


   Skills:
 + Level 3.9 Fighting
 + Level 15.2 Maces & Flails
 + Level 3.9 Armour
 + Level 3.7 Shields


You had 9 spell levels left.
You didn't know any spells.

Dungeon Overview and Level Annotations

Branches:
Dungeon (10/15)            Temple (1/1) D:5
   Lair: D:8-11         Orc: D:9-12

Altars:
Ashenzari
Cheibriados
Dithmenos
Elyvilon
Fedhas
Gozag
Kikubaaqudgha
Makhleb
Nemelex Xobeh
Qazlal
Ru
Sif Muna
Trog
Vehumet
Xom
The Shining One

Shops:
D:7 *

Annotations:
D:10 Urug


Innate Abilities, Weirdness & Mutations

You are resistant to torment.
Your stone body is resilient (AC +7).
You are immune to poison.
You resist negative energy.
You are resistant to electric shocks.
You can survive without breathing.
You are immune to petrification.
You are immune to rotting.
You cannot be stealthy.
You are somewhat inexperienced (-2 XL).
Your mind is acute. (Int +2)
You are somewhat resistant to further mutation.


Message History

You block Urug's attack.
You closely miss Urug.
Urug is lightly wounded.
You hit Urug but do no damage.
Urug is lightly wounded.
You hit Urug.
There is a sudden explosion of sparks!
Urug is lightly wounded.
Urug hits you with a glaive of protection!
* * * LOW HITPOINT WARNING * * *
Read which item? (? for menu, Esc to quit)
Okay, then.
Urug hits you from afar with a glaive of protection.
* * * LOW HITPOINT WARNING * * *
You focus your will and illuminate Urug in retribution!
Things that are here:
a trident of pain; a ring mail Urug throws a javelin.
The javelin barely misses you.
You see here a javelin.
Urug throws a javelin.
The javelin hits you!
You die...

..#.#.......###...#
.............###.##
..........#.## ###
............##
......(......# ###
........##...# ##.###
..........#.######....##
.....#.........##.#....#
................@(....##
...............##.##o##
..............###.#.#)##
............##.#.......#
............#...#.#.#.##
............. .####.(##
.....##..... .#.
#....#.## ....# ... ..
##†.....# [....
#............#


You could see Urug.

Vanquished Creatures
  A hill giant (D:9)
  Joseph (D:8)
  The ghost of Mysteryquy the Cleaver, a novice MiBe of Trog (D:5)
  Psyche (D:8)
  A troll (D:9)
  A two-headed ogre (D:9)
  Menkaure (D:4)
  A water moccasin (D:8)
  Duvessa (D:4)
  2 ice beasts
  2 phantoms
  A wasp (D:9)
  2 sky beasts
  4 ogres
  A necrophage (D:7)
  3 centaurs
  3 big kobolds
  Blork the orc (D:6)
  A crocodile (D:9)
  3 giant frogs
  The ghost of MirrMurr the Sneak, an amateur SpEn (D:3)
  Dowan (D:4)
  A wyvern skeleton (D:8)
  A wyvern zombie (D:8)
  A killer bee (D:10)
  A water moccasin skeleton (D:7)
  10 scorpions
  5 wights (D:9)
  6 crimson imps
  2 quasits
  4 orc priests
  2 giant frog zombies
  2 giant frog skeletons
  Crazy Yiuf (D:2)
  A gnoll shaman (D:10)
  3 hounds
  6 orc wizards
  3 centaur skeletons
  2 jellies
  An iguana (D:6)
  7 worker ants
  A hound skeleton (D:5)
  2 worker ant zombies
  4 gnolls (D:2)
  12 adders
  A shadow imp (D:8)
  2 oozes
  4 worms
  6 giant geckos
  25 orcs
  10 goblins
  6 hobgoblins
  9 jackals
  4 quokkas
  2 ball pythons
  5 bats
  4 giant cockroaches
  5 giant newts
  A jackal skeleton (D:7)
  27 kobolds
  A quokka skeleton (D:9)
  5 rats
  2 fungi (D:2)
231 creatures vanquished.

Vanquished Creatures (others)
  A two-headed ogre (D:8)
  A giant frog skeleton (D:9)
  2 kobolds (D:9)
4 creatures vanquished.

Grand Total: 235 creatures vanquished

Notes
Turn   | Place    | Note
--------------------------------------------------------------
     0 | D:1      | Mysteryquy the Gargoyle Fighter began the quest for the Orb.
     0 | D:1      | Reached XP level 1. HP: 14/14 MP: 1/1
    92 | D:1      | Reached XP level 2. HP: 17/19 MP: 2/2
   438 | D:1      | Reached XP level 3. HP: 20/23 MP: 3/3
   867 | D:2      | Reached skill level 4 in Maces & Flails
   963 | D:2      | Reached XP level 4. HP: 21/28 MP: 4/4
  1311 | D:2      | Noticed Crazy Yiuf
  1313 | D:2      | Killed Crazy Yiuf
  1313 | D:2      | Reached skill level 5 in Maces & Flails
  1313 | D:2      | Reached XP level 5. HP: 32/32 MP: 5/5
  2029 | D:3      | Noticed MirrMurr's ghost (amateur SpEn)
  2042 | D:3      | Killed MirrMurr's ghost
  2042 | D:3      | Reached skill level 6 in Maces & Flails
  2042 | D:3      | Reached XP level 6. HP: 34/37 MP: 6/6
  2267 | D:3      | Found a sparkling altar of Nemelex Xobeh.
  2664 | D:4      | Noticed Duvessa
  2664 | D:4      | Noticed Dowan
  2673 | D:4      | Killed Duvessa
  2673 | D:4      | Reached skill level 7 in Maces & Flails
  2673 | D:4      | Reached XP level 7. HP: 35/41 MP: 7/7
  2679 | D:4      | Killed Dowan
  2902 | D:4      | Noticed Menkaure
  2919 | D:4      | Killed Menkaure
  2919 | D:4      | Reached skill level 8 in Maces & Flails
  3042 | D:5      | Entered Level 5 of the Dungeon
  3134 | D:5      | Found a staircase to the Ecumenical Temple.
  3148 | Temple   | Entered the Ecumenical Temple
  3181 | Temple   | Became a worshipper of Ru the Awakened
  3220 | D:5      | Reached skill level 9 in Maces & Flails
  3220 | D:5      | Reached XP level 8. HP: 42/46 MP: 8/8
  3436 | D:5      | Noticed Mysteryquy's ghost (novice MiBe)
  3460 | D:5      | Killed Mysteryquy's ghost
  3460 | D:5      | Reached skill level 10 in Maces & Flails
  3701 | D:5      | Found a deep blue altar of Sif Muna.
  3864 | D:5      | Reached skill level 11 in Maces & Flails
  3864 | D:5      | Reached XP level 9. HP: 47/51 MP: 9/9
  3872 | D:5      | Gained mutation: Your mind is acute. (Int +2) [mutagenic meat]
  3873 | D:5      | Gained mutation: You are somewhat resistant to further mutation. [mutagenic meat]
  4132 | D:6      | Noticed Blork the orc
  4139 | D:6      | Killed Blork the orc
  4562 | D:6      | Reached skill level 12 in Maces & Flails
  4631 | D:7      | Gained mutation: You are somewhat inexperienced (-2 XL). [Ru sacrifice]
  4631 | D:7      | Reached XP level 8. HP: 43/46 MP: 8/8
  4631 | D:7      | Reached XP level 7. HP: 41/41 MP: 7/7
  4631 | D:7      | Reached * piety under Ru
  4716 | D:7      | Found an opulent altar of Gozag.
  4718 | D:7      | Found Gozag's Platinum Reserve.
  4950 | D:7      | Reached XP level 8. HP: 32/46 MP: 8/8
  5134 | D:7      | Found an opulent altar of Gozag.
  5260 | D:8      | Found a white marble altar of Elyvilon.
  5313 | D:8      | Noticed Psyche
  5318 | D:8      | Noticed a two-headed ogre
  5323 | D:8      | Killed Psyche
  5323 | D:8      | Reached skill level 13 in Maces & Flails
  5477 | D:8      | Killed a two-headed ogre
  5516 | D:8      | Found a shimmering altar of Xom.
  5517 | D:8      | Found a shimmering altar of Xom.
  5518 | D:8      | Found a shimmering altar of Xom.
  6015 | D:8      | Reached XP level 9. HP: 37/51 MP: 9/9
  6072 | D:8      | Noticed Joseph
  6109 | D:8      | Killed Joseph
  6318 | D:8      | Found a bloodstained altar of Trog.
  6385 | D:8      | Reached skill level 14 in Maces & Flails
  6423 | D:8      | Found a shimmering altar of Xom.
  6666 | D:8      | Gained mutation: You cannot be stealthy. [Ru sacrifice]
  6666 | D:8      | Reached ** piety under Ru
  7003 | D:9      | Found a burning altar of Makhleb.
  7764 | D:9      | Reached XP level 10. HP: 53/56 MP: 10/10
  8075 | D:10     | Entered Level 10 of the Dungeon
  8101 | D:10     | Noticed a hill giant
  8108 | D:10     | Noticed Urug
  8518 | D:9      | Noticed an iron golem
  8518 | D:9      | Noticed an iron golem
  8518 | D:9      | Noticed an iron golem
  8518 | D:9      | Noticed an iron golem
  8772 | D:9      | Killed a hill giant
  8772 | D:9      | Reached skill level 15 in Maces & Flails
  8963 | D:10     | Found a blossoming altar of Fedhas.
  9160 | D:10     | Hit by a javelin thrown by Urug

Action                   |  1- 3 |  4- 6 |  7- 9 | 10-12 || total
-------------------------+-------+-------+-------+-------++-------
Melee: Flail             |   132 |       |       |       ||   132
       Whip              |    17 |   186 |   623 |   146 ||   972
Invok: Sacrifice Experie |       |       |     1 |       ||     1
       Sacrifice Stealth |       |       |     1 |       ||     1
  Use: Potion            |       |     2 |     1 |       ||     3
 Stab: Distracted        |       |       |     3 |       ||     3
       Invisible         |       |       |     1 |       ||     1
  Eat: Chunk             |       |     5 |    19 |     5 ||    29
       Pizza             |       |       |     1 |       ||     1
